Saguenéens vs Influenza

Created - April 11, 2018 at 19:02

Goals
1 2 3 T
Saguenéens 1 1 3 5
Influenza 2 1 3 6
Shots
1 2 3 T
Saguenéens 12 13 14 39
Influenza 12 8 15 35

1st period

1. Influenza , Jordan Schroeder 14 (Iiro Pakarinen 15) at 11:17
2. Influenza , T.J Galiardi 32 (Mark Scheifele 54, Jeremy Morin 51) at 13:46
3. Saguenéens , Carson Mcmillan 36 (Patrick Sieloff 7, Mason Raymond 60) at 16:18

Penalties :
Luke Witkowski (Chi) for Slashing (Minor) at 8:51, Nick Mattson (Chi) for Roughing (Minor) at 17:55

2nd period

4. Influenza , Mark Scheifele 53 (T.J Galiardi 58, Jimmy Vesey 33) at 6:15
5. Saguenéens , Nick Mattson 4 (Jake McCabe 31, Mike Smith) at 9:05 (SH)

Penalties :
Patrick Sieloff (Chi) for Holding (Minor) at 1:46, Teemu Pulkkinen (Chi) for Hooking (Minor) at 7:41, Luke Witkowski (Chi) for Hooking (Minor) at 9:10

3rd period

6. Influenza , Garnet Hathaway 25 (Lane MacDermid 20, Dmitry Sinitsyn 15) at 5:19
7. Saguenéens , Craig Cunningham 18 (Rhett Rakhshani 22) at 8:18 (SH)
8. Influenza , Beau Bennett 31 (Paul Ladue 15, Jeff May 17) at 8:54 (PP)
9. Saguenéens , Mason Raymond 38 (Zac Rinaldo 63, Carson Mcmillan 38) at 11:34
10. Saguenéens , Jerry D'Amigo 4 (Teemu Pulkkinen 10, Mikhail Grigorenko 3) at 12:47
11. Influenza , Beau Bennett 32 (Matt Corrente 43) at 16:29

Penalties :
Calle Andersson (Chi) for Hooking (Minor) at 7:14, Jeremy Morin (VJB) for Goalie Interference (Minor) at 8:55, T.J Galiardi (VJB) for Hooking (Minor) at 17:12

Goalie Stats

Mike Smith (Chi), 29 saves from 35 shots - (0.829), L, 36-18-1, 59:21 minutes
Thomas McCollum (VJB), 34 saves from 39 shots - (0.872), W, 39-18-3, 60:00 minutes

Players Stats for Saguenéens

Player Name              G  A  P  +/- PIM S  H  SB GA TA FO     MP     PP MP  PK MP  
------------------------------------------------------------------------------------
Artur Gavrus             0  0  0   0  0   0  0  0  0  0  0/0     0:47   0:00   0:00 
Brett Lebda              0  0  0  -2  0   1  1  3  1  1  0/0    28:25   2:06   6:28 
Brody Sutter             0  0  0   0  0   0  0  0  0  0  1/2     1:09   0:12   0:00 
Calle Andersson          0  0  0   2  2   0  0  0  0  2  0/0    13:19   0:00   2:56 
Carl Hagelin             0  0  0  -1  0   2  1  0  1  2  0/1    12:08   1:22   0:00 
Carson Mcmillan          1  1  2   0  0   7  2  0  1  0  6/12   25:02   2:36   6:53 
Craig Cunningham         1  0  1   0  0   4  3  0  1  1  0/0     9:56   0:00   0:33 
Henrik Samuelsson        0  0  0  -1  0   3  0  0  0  0  3/4     9:18   0:00   0:00 
Jake McCabe              0  1  1   0  0   2  1  1  0  1  0/0    21:11   1:52   4:37 
Jerry D'Amigo            1  0  1   0  0   1  0  0  0  0  0/0     8:06   0:00   0:00 
Juraj Mikus              0  0  0  -1  0   1  2  1  0  0  4/6    12:08   1:22   0:00 
Luke Witkowski           0  0  0  -2  4   3  4  0  1  1  0/0    25:03   2:06   3:59 
Mason Raymond            1  1  2   0  0   4  3  1  2  0  1/2    24:47   2:36   6:29 
Mikhail Grigorenko       0  1  1   0  0   1  2  0  0  0  1/1     8:06   0:00   0:00 
Nicholas Walters         0  0  0   0  0   0  0  0  0  0  0/0     3:31   0:00   0:58 
Nick Mattson             1  0  1   0  2   2  1  1  1  1  0/0    19:49   1:52   3:11 
Nikita Kucherov          0  0  0   0  0   4  2  2  0  0  0/2    15:43   1:22   3:22 
Patrick Sieloff          0  1  1   2  2   1  0  0  0  0  0/0    10:28   0:00   0:00 
Rhett Rakhshani          0  1  1   0  0   2  1  0  0  0  0/0    11:00   0:00   0:50 
Teemu Pulkkinen          0  1  1   0  2   0  1  0  0  0  0/0     8:16   0:00   0:11 
Zac Rinaldo              0  1  1   1  0   1  2  0  0  0  15/28  20:07   2:24   3:22 

Players Stats for Influenza

Player Name              G  A  P  +/- PIM S  H  SB GA TA FO     MP     PP MP  PK MP  
------------------------------------------------------------------------------------
Beau Bennett             2  0  2  -1  0   2  0  0  3  0  0/0    17:25   5:13   0:37 
Charlie Coyle            0  0  0   0  0   0  1  0  1  0  2/5    10:22   0:00   0:00 
Dmitry Sinitsyn          0  1  1   2  0   0  0  0  0  1  0/0    11:05   0:00   0:00 
Garnet Hathaway          1  0  1   1  0   3  1  1  0  0  0/0    10:16   0:00   0:00 
Iiro Pakarinen           0  1  1   0  0   1  3  0  0  0  0/1     9:18   0:00   1:42 
Jeff May                 0  1  1  -1  0   1  0  1  1  1  0/0    20:06   5:11   2:21 
Jeremy Morin             0  1  1   0  2   4  1  0  0  0  0/1    22:26   5:52   0:56 
Jimmy Vesey              0  1  1  -1  0   2  0  0  1  0  0/1    16:44   5:13   0:00 
Jordan Schroeder         1  0  1   0  0   1  0  0  1  0  0/2     7:39   0:00   0:00 
Lane MacDermid           0  1  1   0  0   0  0  0  0  0  0/0    12:12   0:00   1:09 
Mark Olver               0  0  0   0  0   4  2  1  0  0  9/15   18:40   5:13   2:25 
Mark Scheifele           1  1  2   0  0   3  2  1  1  0  15/32  22:44   5:52   1:07 
Matt Corrente            0  1  1   0  0   2  3  1  1  2  0/0    22:27   5:54   1:37 
Nikita Gusev             0  0  0   0  0   0  2  0  0  0  0/0     7:20   0:00   0:00 
Oskars Bartulis          0  0  0   0  0   1  1  3  0  1  0/0    28:06   5:54   2:21 
Paul Ladue               0  1  1  -2  0   1  2  3  0  0  0/0    20:13   5:11   1:37 
T.J Galiardi             1  1  2   1  2   8  2  2  0  0  1/1    20:54   5:52   0:00 
Tim Erixon               0  0  0   1  0   2  1  2  0  3  0/0    18:03   0:00   0:00 

3 Stars

1 - Mark Scheifele (VJB)
2 - Beau Bennett (VJB)
3 - Mason Raymond (Chi)

Power Play

Saguenéens - 0 on 2 Attempt(s) - 0.00%
Influenza - 1 on 6 Attempt(s) - 16.67%

Penalty Kill

Saguenéens - 5 on 6 Attempt(s) - 83.33% - Score 2 goal in Penalty Kill
Influenza - 2 on 2 Attempt(s) - 100.00% - Score 0 goal in Penalty Kill

Team Stat

Saguenéens - Hits : 26 - Faceoff Wins : 31 - Blocked Shots : 9 - Penalty Minutes : 12
Influenza - Hits : 21 - Faceoff Wins : 27 - Blocked Shots : 15 - Penalty Minutes : 4

Official

Referees : Banfield David and Hebert Ghislain
Linesman : Tim Nowak and Thor Nelson

Game Notes

No Game Note

Finance

Level 1 -- Attendance: 1407 (70.35%) -- Ticket Income $56,280
Level 2 -- Attendance: 707 (70.70%) -- Ticket Income $14,140
Total Attendance: 2114 (70.47%)
Total Ticket Income: $70,420
Other Income: $3,521
Total Income: $73,941

Saguenéens

5 vs 5 Forward 
   Center                   Left Wing                Right Wing               Time % Phy DF OF 
 1 Zac Rinaldo              Mason Raymond            Carson Mcmillan          40     1   2  2  
 2 Juraj Mikus              Carl Hagelin             Nikita Kucherov          30     1   2  2  
 3 Henrik Samuelsson        Craig Cunningham         Rhett Rakhshani          20     1   2  2  
 4 Mikhail Grigorenko       Teemu Pulkkinen          Jerry D'Amigo            10     1   2  2  

5 vs 5 Defense 
   Defense                  Defense                                           Time % Phy DF OF 
 1 Brett Lebda              Luke Witkowski                                    40     1   2  2  
 2 Jake McCabe              Nick Mattson                                      30     1   2  2  
 3 Patrick Sieloff          Calle Andersson                                   20     1   2  2  
 4 Nicholas Walters         Brett Lebda                                       10     1   2  2  

PowerPlay Forward 
   Center                   Left Wing                Right Wing               Time % Phy DF OF 
 1 Zac Rinaldo              Mason Raymond            Carson Mcmillan          60     1   2  2  
 2 Juraj Mikus              Carl Hagelin             Nikita Kucherov          40     1   2  2  

PowerPlay Defense
   Defense                  Defense                                           Time % Phy DF OF 
 1 Brett Lebda              Luke Witkowski                                    60     1   2  2  
 2 Jake McCabe              Nick Mattson                                      40     1   2  2  

Penalty Kill 4 Players Forward 
   Center                   Wing                     Time % Phy DF OF 
 1 Carson Mcmillan          Mason Raymond            60     1   2  2  
 2 Nikita Kucherov          Zac Rinaldo              40     1   2  2  

Penalty Kill 4 Players Defense
   Defense                  Defense                  Time % Phy DF OF 
 1 Brett Lebda              Luke Witkowski           60     1   2  2  
 2 Jake McCabe              Nick Mattson             40     1   2  2  

Penalty Kill - 3 Players Forward 
   Forward                                           Time % Phy DF OF 
 1 Carson Mcmillan                                   60     1   2  2  
 2 Mason Raymond                                     40     1   2  2  

Penalty Kill - 3 Players Defense
   Defense                  Defense                  Time % Phy DF OF 
 1 Brett Lebda              Luke Witkowski           60     1   2  2  
 2 Jake McCabe              Nick Mattson             40     1   2  2  

4 vs 4 Forward 
   Center                   Wing                     Time % Phy DF OF 
 1 Carson Mcmillan          Mason Raymond            60     1   2  2  
 2 Nikita Kucherov          Zac Rinaldo              40     1   2  2  

4 vs 4 Defense
   Defense                  Defense                  Time % Phy DF OF 
 1 Brett Lebda              Luke Witkowski           60     1   2  2  
 2 Jake McCabe              Nick Mattson             40     1   2  2  

Last Minutes Offensive
   Center                   Left Wing                Right Wing               Defense                  Defense                  
   Zac Rinaldo              Mason Raymond            Carson Mcmillan          Brett Lebda              Luke Witkowski           

Last Minutes Defensive
   Center                   Left Wing                Right Wing               Defense                  Defense                  
   Zac Rinaldo              Mason Raymond            Carson Mcmillan          Brett Lebda              Luke Witkowski           

Goaltenders
Starting : Mike Smith               
Backup : Martin Jones             

Extra Forwards
Normal : Brody Sutter, Artur Gavrus, Rhett Rakhshani - PP : Brody Sutter, Artur Gavrus - PK : Rhett Rakhshani
Extra Defensemen
Normal : Patrick Sieloff, Calle Andersson, Nicholas Walters - PP : Patrick Sieloff - PK : Calle Andersson, Nicholas Walters
Penalty Shots
Carson Mcmillan, Mason Raymond, Nikita Kucherov, Zac Rinaldo, Carl Hagelin

Scratches
Tanner Richard (Strained Left Knee Injury), Garret Sparks (Healthy)

Influenza

5 vs 5 Forward 
   Center                   Left Wing                Right Wing               Time % Phy DF OF 
 1 Mark Scheifele           T.J Galiardi             Jeremy Morin             40     1   2  2  
 2 Charlie Coyle            Jimmy Vesey              Beau Bennett             30     1   2  2  
 3 Mark Olver               Lane MacDermid           Garnet Hathaway          20     1   2  2  
 4 Jordan Schroeder         Nikita Gusev             Iiro Pakarinen           10     1   2  2  

5 vs 5 Defense 
   Defense                  Defense                                           Time % Phy DF OF 
 1 Oskars Bartulis          Tim Erixon                                        40     1   2  2  
 2 Matt Corrente            Paul Ladue                                        30     1   2  2  
 3 Jeff May                 Dmitry Sinitsyn                                   20     1   2  2  
 4 Oskars Bartulis          Tim Erixon                                        10     1   2  2  

PowerPlay Forward 
   Center                   Left Wing                Right Wing               Time % Phy DF OF 
 1 Mark Scheifele           T.J Galiardi             Jeremy Morin             60     1   2  2  
 2 Mark Olver               Jimmy Vesey              Beau Bennett             40     1   2  2  

PowerPlay Defense
   Defense                  Defense                                           Time % Phy DF OF 
 1 Oskars Bartulis          Matt Corrente                                     60     1   2  2  
 2 Jeff May                 Paul Ladue                                        40     1   2  2  

Penalty Kill 4 Players Forward 
   Center                   Wing                     Time % Phy DF OF 
 1 Mark Olver               Jeremy Morin             60     1   2  2  
 2 Mark Scheifele           Beau Bennett             40     1   2  2  

Penalty Kill 4 Players Defense
   Defense                  Defense                  Time % Phy DF OF 
 1 Oskars Bartulis          Jeff May                 60     1   2  2  
 2 Matt Corrente            Paul Ladue               40     1   2  2  

Penalty Kill - 3 Players Forward 
   Forward                                           Time % Phy DF OF 
 1 Mark Olver                                        60     1   2  2  
 2 Mark Scheifele                                    40     1   2  2  

Penalty Kill - 3 Players Defense
   Defense                  Defense                  Time % Phy DF OF 
 1 Oskars Bartulis          Jeff May                 60     1   2  2  
 2 Matt Corrente            Paul Ladue               40     1   2  2  

4 vs 4 Forward 
   Center                   Wing                     Time % Phy DF OF 
 1 Mark Scheifele           Jeremy Morin             60     1   2  2  
 2 Mark Olver               Beau Bennett             40     1   2  2  

4 vs 4 Defense
   Defense                  Defense                  Time % Phy DF OF 
 1 Oskars Bartulis          Jeff May                 60     1   2  2  
 2 Matt Corrente            Paul Ladue               40     1   2  2  

Last Minutes Offensive
   Center                   Left Wing                Right Wing               Defense                  Defense                  
   Mark Scheifele           T.J Galiardi             Jeremy Morin             Oskars Bartulis          Matt Corrente            

Last Minutes Defensive
   Center                   Left Wing                Right Wing               Defense                  Defense                  
   Mark Scheifele           T.J Galiardi             Jeremy Morin             Oskars Bartulis          Matt Corrente            

Goaltenders
Starting : Thomas McCollum          
Backup : Tyson Sexsmith           

Extra Forwards
Normal : Garnet Hathaway, Jordan Schroeder, Iiro Pakarinen - PP : Garnet Hathaway, Jordan Schroeder - PK : Iiro Pakarinen
Extra Defensemen
Normal : Matt Corrente, Oskars Bartulis, Jeff May - PP : Matt Corrente - PK : Oskars Bartulis, Jeff May
Penalty Shots
Jeremy Morin, Mark Olver, Beau Bennett, Mark Scheifele, Garnet Hathaway

Scratches
Jacob Josefson (Healthy), Jamie Devane (Healthy), Joe Morrow (Healthy), Johan Larsson (Healthy), Fredric Larsson (Healthy)
Tom Kuhnhackl (Healthy), Rocco Grimaldi (Healthy), Ryan Sproul (Healthy), Josh Andrerson (Healthy), Mathieu Carle (Bruised Right Shoulder Injury)
Jesse Graham (Healthy), Vince Rocco (Healthy), Jamie Phillips (Healthy)

% Time on Ice - Saguenéens

Lines # - Real PCT - Wanted PCT - Time Play
Normal Forward
1 - 36% - 40% - 15:47
2 - 25% - 30% - 10:59
3 - 21% - 20% - 9:18
4 - 18% - 10% - 8:06
Normal Defense
1 - 38% - 40% - 16:44
2 - 33% - 30% - 14:42
3 - 24% - 20% - 10:24
4 - 5% - 10% - 2:20
PP Forward
1 - 66% - 60% - 2:36
2 - 34% - 40% - 1:22
PP Defense
1 - 53% - 60% - 2:06
2 - 47% - 40% - 1:52
PK Forward
1 - 68% - 60% - 7:13
2 - 32% - 40% - 3:22
PK Defense
1 - 56% - 60% - 5:58
2 - 44% - 40% - 4:37
PK3 Forward
1 - 100% - 60% - 0:30
2 - 0% - 40% - 0:00
PK3 Defense
1 - 100% - 60% - 0:30
2 - 0% - 40% - 0:00
44 Forward
1 - 0% - 60%
2 - 0% - 40%
44 Defense
1 - 0% - 60%
2 - 0% - 40%
Last Minute Offensive  - 0:47
Last Minute Defensive  - 0:00
Total
Forward - 60:00
Defense - 60:00

% Time on Ice - Influenza

Lines # - Real PCT - Wanted PCT - Time Play
Normal Forward
1 - 34% - 40% - 14:55
2 - 27% - 30% - 11:51
3 - 23% - 20% - 10:07
4 - 17% - 10% - 7:20
Normal Defense
1 - 42% - 40% - 18:33
2 - 30% - 30% - 13:26
3 - 25% - 20% - 11:05
4 - 3% - 10% - 1:09
PP Forward
1 - 53% - 60% - 5:52
2 - 47% - 40% - 5:13
PP Defense
1 - 53% - 60% - 5:54
2 - 47% - 40% - 5:11
PK Forward
1 - 84% - 60% - 3:21
2 - 16% - 40% - 0:37
PK Defense
1 - 59% - 60% - 2:21
2 - 41% - 40% - 1:37
PK3 Forward
1 - 0% - 60%
2 - 0% - 40%
PK3 Defense
1 - 0% - 60%
2 - 0% - 40%
44 Forward
1 - 0% - 60%
2 - 0% - 40%
44 Defense
1 - 0% - 60%
2 - 0% - 40%
Last Minute Offensive  - 0:00
Last Minute Defensive  - 0:44
Total
Forward - 60:00
Defense - 60:00

Play by Play

1st period


0:01 of 1st period - Mark Scheifele wins face-off versus Zac Rinaldo in neutral zone.
0:26 of 1st period - Jeremy Morin is hit by Craig Cunningham and loses puck.
1:10 of 1st period - Icing by Nikita Kucherov.
1:11 of 1st period - Mikhail Grigorenko wins face-off versus Mark Olver in Saguenéens zone.
1:21 of 1st period - Wrist shot by Teemu Pulkkinen.
1:21 of 1st period - Deflect By Mikhail Grigorenko.
1:21 of 1st period - Shot Blocked by Paul Ladue.
1:21 of 1st period - Puck is out of play.
1:22 of 1st period - Zac Rinaldo wins face-off versus Iiro Pakarinen in Influenza zone.
1:39 of 1st period - Zac Rinaldo is hit by Iiro Pakarinen and loses puck.
2:23 of 1st period - Wrist shot by Mark Olver.
2:23 of 1st period - Stopped by Mike Smith with a rebound.
3:02 of 1st period - Carson Mcmillan is hit by Iiro Pakarinen.
3:44 of 1st period - Wrist shot by Mark Olver.
3:44 of 1st period - Stopped by Mike Smith without a rebound.
3:45 of 1st period - Mark Olver wins face-off versus Henrik Samuelsson in Saguenéens zone.
3:46 of 1st period - Wrist shot by Garnet Hathaway.
3:46 of 1st period - Stopped by Mike Smith without a rebound.
3:47 of 1st period - Zac Rinaldo wins face-off versus Mark Olver in Saguenéens zone.
3:47 of 1st period - Zac Rinaldo is hit by Mark Olver.
4:13 of 1st period - Lane MacDermid is hit by Brett Lebda.
4:21 of 1st period - Snap shot by Craig Cunningham.
4:21 of 1st period - Shot Blocked by Jeff May.
5:40 of 1st period - Jeremy Morin is hit by Jake McCabe and loses puck.
5:47 of 1st period - Snap shot by Craig Cunningham.
5:47 of 1st period - Shot Misses the Net.
6:50 of 1st period - Carson Mcmillan is hit by Paul Ladue and loses puck.
7:10 of 1st period - Matt Corrente is hit by Craig Cunningham and loses puck.
7:33 of 1st period - Wrist shot by Garnet Hathaway.
7:33 of 1st period - Stopped by Mike Smith without a rebound.
7:34 of 1st period - Zac Rinaldo wins face-off versus Mark Scheifele in Saguenéens zone.
8:06 of 1st period - Wrist shot by Charlie Coyle.
8:06 of 1st period - Shot Misses the Net.
8:08 of 1st period - Slapshot by Beau Bennett.
8:08 of 1st period - Shot Misses the Net.
8:26 of 1st period - Wrist shot by Craig Cunningham.
8:26 of 1st period - Stopped by Thomas McCollum with a rebound.
8:28 of 1st period - Slapshot by Calle Andersson.
8:28 of 1st period - Deflect By Rhett Rakhshani.
8:28 of 1st period - Shot Blocked by Garnet Hathaway.
8:28 of 1st period - Puck is out of play.
8:29 of 1st period - Mark Scheifele wins face-off versus Zac Rinaldo in Influenza zone.
8:29 of 1st period - Mark Scheifele is hit by Luke Witkowski.
8:41 of 1st period - Snap shot by Jeremy Morin.
8:41 of 1st period - Stopped by Mike Smith with a rebound.
8:43 of 1st period - Slapshot by Jeff May.
8:43 of 1st period - Shot Misses the Net.
8:51 of 1st period - Minor Penalty to Luke Witkowski for Slashing.
8:52 of 1st period - Mark Scheifele wins face-off versus Carson Mcmillan in Saguenéens zone.
9:03 of 1st period - Snap shot by Mark Scheifele.
9:03 of 1st period - Shot Misses the Net.
9:05 of 1st period - Wrist shot by Jeremy Morin.
9:05 of 1st period - Shot Misses the Net.
9:07 of 1st period - Slapshot by Matt Corrente.
9:07 of 1st period - Shot Blocked by Mason Raymond.
9:31 of 1st period - Wrist shot by Nikita Kucherov.
9:31 of 1st period - Shot Blocked by Mark Scheifele.
10:30 of 1st period - Icing by T.J Galiardi.
10:31 of 1st period - Mark Scheifele wins face-off versus Carson Mcmillan in Influenza zone.
10:50 of 1st period - Brett Lebda is hit by Mark Olver and loses puck.
10:51 of 1st period - Penalty to Luke Witkowski is over, Luke Witkowski is back on ice.
11:01 of 1st period - Wrist shot by Iiro Pakarinen.
11:01 of 1st period - Shot Blocked by Nikita Kucherov.
11:03 of 1st period - Wrist shot by Oskars Bartulis.
11:03 of 1st period - Stopped by Mike Smith without a rebound.
11:04 of 1st period - Henrik Samuelsson wins face-off versus Jordan Schroeder in Saguenéens zone.
11:04 of 1st period - Henrik Samuelsson is hit by Oskars Bartulis.
11:15 of 1st period - Backhand shot by Jordan Schroeder.
11:15 of 1st period - Shot Blocked by Jake McCabe.
11:17 of 1st period - Wrist shot by Jordan Schroeder.
11:17 of 1st period - Goal by Jordan Schroeder - Saguenéens : 0 - Influenza : 1.
11:18 of 1st period - Zac Rinaldo wins face-off versus Mark Scheifele in neutral zone.
11:33 of 1st period - Snap shot by Mason Raymond.
11:33 of 1st period - Shot Misses the Net.
12:08 of 1st period - Slapshot by Mikhail Grigorenko.
12:08 of 1st period - Stopped by Thomas McCollum with a rebound.
12:26 of 1st period - Wrist shot by Jordan Schroeder.
12:26 of 1st period - Shot Misses the Net.
12:32 of 1st period - Wrist shot by Craig Cunningham.
12:32 of 1st period - Shot Misses the Net.
12:48 of 1st period - Snap shot by Mason Raymond.
12:48 of 1st period - Stopped by Thomas McCollum without a rebound.
12:49 of 1st period - Zac Rinaldo wins face-off versus Mark Scheifele in Influenza zone.
13:13 of 1st period - Zac Rinaldo is hit by Jeremy Morin and loses puck.
13:46 of 1st period - Wrist shot by T.J Galiardi.
13:46 of 1st period - Goal by T.J Galiardi - Saguenéens : 0 - Influenza : 2.
13:47 of 1st period - Juraj Mikus wins face-off versus Charlie Coyle in neutral zone.
13:58 of 1st period - Wrist shot by Nikita Kucherov.
13:58 of 1st period - Shot Blocked by Oskars Bartulis.
14:12 of 1st period - Oskars Bartulis is hit by Rhett Rakhshani and loses puck.
15:11 of 1st period - Snap shot by Jimmy Vesey.
15:11 of 1st period - Stopped by Mike Smith with a rebound.
15:33 of 1st period - Snap shot by Henrik Samuelsson.
15:33 of 1st period - Stopped by Thomas McCollum with a rebound.
15:51 of 1st period - Mark Scheifele is hit by Teemu Pulkkinen and loses puck.
16:06 of 1st period - Backhand shot by Iiro Pakarinen.
16:06 of 1st period - Shot Misses the Net.
16:12 of 1st period - Wrist shot by Mason Raymond.
16:12 of 1st period - Stopped by Thomas McCollum with a rebound.
16:14 of 1st period - Wrist shot by Mason Raymond.
16:14 of 1st period - Shot Blocked by Tim Erixon.
16:16 of 1st period - Backhand shot by Patrick Sieloff.
16:16 of 1st period - Stopped by Thomas McCollum with a rebound.
16:18 of 1st period - Snap shot by Carson Mcmillan.
16:18 of 1st period - Goal by Carson Mcmillan - Saguenéens : 1 - Influenza : 2.
16:19 of 1st period - Zac Rinaldo wins face-off versus Mark Scheifele in neutral zone.
16:51 of 1st period - Snap shot by Nikita Kucherov.
16:51 of 1st period - Stopped by Thomas McCollum with a rebound.
17:24 of 1st period - Slapshot by Luke Witkowski.
17:24 of 1st period - Shot Misses the Net.
17:26 of 1st period - Snap shot by Jerry D'Amigo.
17:26 of 1st period - Shot Hit the Post.
17:28 of 1st period - Slapshot by Luke Witkowski.
17:28 of 1st period - Stopped by Thomas McCollum with a rebound.
17:46 of 1st period - Snap shot by T.J Galiardi.
17:46 of 1st period - Stopped by Mike Smith with a rebound.
17:48 of 1st period - Slapshot by T.J Galiardi.
17:48 of 1st period - Stopped by Mike Smith with a rebound.
17:50 of 1st period - Slapshot by Matt Corrente.
17:50 of 1st period - Stopped by Mike Smith without a rebound.
17:51 of 1st period - T.J Galiardi wins face-off versus Zac Rinaldo in Saguenéens zone.
17:55 of 1st period - Minor Penalty to Nick Mattson for Roughing.
17:56 of 1st period - Carson Mcmillan wins face-off versus Mark Scheifele in Saguenéens zone.
18:04 of 1st period - Snap shot by Jeremy Morin.
18:04 of 1st period - Shot Misses the Net.
18:35 of 1st period - Zac Rinaldo is hit by Matt Corrente and loses puck.
18:58 of 1st period - Snap shot by Carson Mcmillan.
18:58 of 1st period - Stopped by Thomas McCollum without a rebound.
18:59 of 1st period - Zac Rinaldo wins face-off versus Mark Olver in Influenza zone.
19:02 of 1st period - Wrist shot by Nikita Kucherov.
19:02 of 1st period - Stopped by Thomas McCollum without a rebound.
19:03 of 1st period - Mark Olver wins face-off versus Nikita Kucherov in Influenza zone.
19:30 of 1st period - Snap shot by Carson Mcmillan.
19:30 of 1st period - Stopped by Thomas McCollum with a rebound.
19:32 of 1st period - Snap shot by Mason Raymond.
19:32 of 1st period - Shot Misses the Net.
19:55 of 1st period - Penalty to Nick Mattson is over, Nick Mattson is back on ice.
Goals for this period are 1 for Saguenéens vs 2 for Influenza.
Shots for this period are 12 for Saguenéens vs 12 for Influenza.

2nd period


0:01 of 2nd period - Mark Scheifele wins face-off versus Zac Rinaldo in neutral zone.
0:08 of 2nd period - T.J Galiardi is hit by Zac Rinaldo.
0:26 of 2nd period - Charlie Coyle is hit by Carl Hagelin and loses puck.
0:49 of 2nd period - Rhett Rakhshani is hit by Iiro Pakarinen and loses puck.
1:31 of 2nd period - Carson Mcmillan is hit by Mark Scheifele and loses puck.
1:46 of 2nd period - Minor Penalty to Patrick Sieloff for Holding.
1:47 of 2nd period - Mark Scheifele wins face-off versus Mason Raymond in Saguenéens zone.
1:56 of 2nd period - Slapshot by Jeremy Morin.
1:56 of 2nd period - Shot Misses the Net.
1:58 of 2nd period - Wrist shot by Jeremy Morin.
1:58 of 2nd period - Stopped by Mike Smith with a rebound.
2:00 of 2nd period - Wrist shot by Mark Scheifele.
2:00 of 2nd period - Shot Misses the Net.
2:02 of 2nd period - Wrist shot by Mark Scheifele.
2:02 of 2nd period - Stopped by Mike Smith without a rebound.
2:03 of 2nd period - Carson Mcmillan wins face-off versus Mark Scheifele in Saguenéens zone.
2:16 of 2nd period - Wrist shot by Jeremy Morin.
2:16 of 2nd period - Deflect By Mark Scheifele.
2:16 of 2nd period - Shot Misses the Net.
2:16 of 2nd period - Puck is out of play.
2:17 of 2nd period - Mason Raymond wins face-off versus Mark Scheifele in Saguenéens zone.
3:46 of 2nd period - Penalty to Patrick Sieloff is over, Patrick Sieloff is back on ice.
4:01 of 2nd period - Jerry D'Amigo is hit by Nikita Gusev and loses puck.
4:27 of 2nd period - Wrist shot by Beau Bennett.
4:27 of 2nd period - Deflect By Jimmy Vesey.
4:27 of 2nd period - Stopped by Mike Smith with a rebound.
4:43 of 2nd period - Snap shot by Carl Hagelin.
4:43 of 2nd period - Stopped by Thomas McCollum without a rebound.
4:44 of 2nd period - Zac Rinaldo wins face-off versus Charlie Coyle in Influenza zone.
5:16 of 2nd period - Snap shot by T.J Galiardi.
5:16 of 2nd period - Stopped by Mike Smith with a rebound.
5:31 of 2nd period - Slapshot by Craig Cunningham.
5:31 of 2nd period - Stopped by Thomas McCollum with a rebound.
5:33 of 2nd period - Snap shot by Craig Cunningham.
5:33 of 2nd period - Deflect By Rhett Rakhshani.
5:33 of 2nd period - Stopped by Thomas McCollum with a rebound.
5:35 of 2nd period - Slapshot by Craig Cunningham.
5:35 of 2nd period - Stopped by Thomas McCollum with a rebound.
5:37 of 2nd period - Slapshot by Jake McCabe.
5:37 of 2nd period - Stopped by Thomas McCollum with a rebound.
5:59 of 2nd period - Slapshot by Iiro Pakarinen.
5:59 of 2nd period - Stopped by Mike Smith with a rebound.
6:15 of 2nd period - Wrist shot by Mark Scheifele.
6:15 of 2nd period - Goal by Mark Scheifele - Saguenéens : 1 - Influenza : 3.
6:16 of 2nd period - Mark Scheifele wins face-off versus Zac Rinaldo in neutral zone.
6:21 of 2nd period - Wrist shot by Mark Scheifele.
6:21 of 2nd period - Deflect By T.J Galiardi.
6:21 of 2nd period - Shot Misses the Net.
6:21 of 2nd period - Puck is out of play.
6:22 of 2nd period - Zac Rinaldo wins face-off versus Mark Scheifele in Saguenéens zone.
6:33 of 2nd period - Snap shot by Mark Scheifele.
6:33 of 2nd period - Deflect By T.J Galiardi.
6:33 of 2nd period - Shot Misses the Net.
6:33 of 2nd period - Puck is out of play.
6:34 of 2nd period - Zac Rinaldo wins face-off versus Mark Scheifele in Saguenéens zone.
6:41 of 2nd period - Wrist shot by Zac Rinaldo.
6:41 of 2nd period - Shot Blocked by Oskars Bartulis.
7:00 of 2nd period - Charlie Coyle is hit by Juraj Mikus and loses puck.
7:41 of 2nd period - Minor Penalty to Teemu Pulkkinen for Hooking.
7:42 of 2nd period - Mark Scheifele wins face-off versus Carson Mcmillan in Saguenéens zone.
7:50 of 2nd period - Wrist shot by Mark Scheifele.
7:50 of 2nd period - Shot Misses the Net.
7:52 of 2nd period - Slapshot by Mark Scheifele.
7:52 of 2nd period - Shot Misses the Net.
7:54 of 2nd period - Slapshot by Paul Ladue.
7:54 of 2nd period - Stopped by Mike Smith with a rebound.
7:56 of 2nd period - Wrist shot by Jeff May.
7:56 of 2nd period - Shot Blocked by Brett Lebda.
8:08 of 2nd period - Jimmy Vesey is hit by Luke Witkowski and loses puck.
9:05 of 2nd period - Slapshot by Nick Mattson.
9:05 of 2nd period - Goal by Nick Mattson - Saguenéens : 2 - Influenza : 3.
9:06 of 2nd period - Mark Scheifele wins face-off versus Nikita Kucherov in neutral zone.
9:10 of 2nd period - Minor Penalty to Luke Witkowski for Hooking.
9:11 of 2nd period - Carson Mcmillan wins face-off versus Mark Scheifele in Saguenéens zone.
9:41 of 2nd period - Penalty to Teemu Pulkkinen is over, Teemu Pulkkinen is back on ice.
10:24 of 2nd period - Wrist shot by Nikita Kucherov.
10:24 of 2nd period - Stopped by Thomas McCollum without a rebound.
10:25 of 2nd period - Mark Olver wins face-off versus Carson Mcmillan in Influenza zone.
10:45 of 2nd period - Matt Corrente is hit by Zac Rinaldo and loses puck.
11:10 of 2nd period - Penalty to Luke Witkowski is over, Luke Witkowski is back on ice.
11:39 of 2nd period - Wrist shot by Jimmy Vesey.
11:39 of 2nd period - Shot Misses the Net.
11:53 of 2nd period - Mark Olver is hit by Mason Raymond and loses puck.
12:31 of 2nd period - Slapshot by Mason Raymond.
12:31 of 2nd period - Deflect By Carson Mcmillan.
12:31 of 2nd period - Stopped by Thomas McCollum with a rebound.
12:33 of 2nd period - Slapshot by Luke Witkowski.
12:33 of 2nd period - Stopped by Thomas McCollum with a rebound.
12:35 of 2nd period - Slapshot by Jake McCabe.
12:35 of 2nd period - Stopped by Thomas McCollum with a rebound.
12:37 of 2nd period - Snap shot by Mason Raymond.
12:37 of 2nd period - Stopped by Thomas McCollum without a rebound.
12:38 of 2nd period - Mark Scheifele wins face-off versus Carl Hagelin in Influenza zone.
12:46 of 2nd period - Off-side.
12:47 of 2nd period - Mark Scheifele wins face-off versus Juraj Mikus in neutral zone.
13:05 of 2nd period - Juraj Mikus is hit by T.J Galiardi and loses puck.
13:22 of 2nd period - Snap shot by T.J Galiardi.
13:22 of 2nd period - Shot Blocked by Nikita Kucherov.
13:24 of 2nd period - Wrist shot by Mark Scheifele.
13:24 of 2nd period - Shot Misses the Net.
13:26 of 2nd period - Slapshot by Jeff May.
13:26 of 2nd period - Shot Blocked by Juraj Mikus.
13:28 of 2nd period - Snap shot by T.J Galiardi.
13:28 of 2nd period - Shot Misses the Net.
13:38 of 2nd period - Slapshot by T.J Galiardi.
13:38 of 2nd period - Stopped by Mike Smith without a rebound.
13:39 of 2nd period - Henrik Samuelsson wins face-off versus Jordan Schroeder in Saguenéens zone.
13:46 of 2nd period - Henrik Samuelsson is hit by Paul Ladue and loses puck.
14:46 of 2nd period - Slapshot by Luke Witkowski.
14:46 of 2nd period - Shot Blocked by Tim Erixon.
17:05 of 2nd period - Lane MacDermid is hit by Carson Mcmillan and loses puck.
17:47 of 2nd period - Slapshot by Henrik Samuelsson.
17:47 of 2nd period - Stopped by Thomas McCollum with a rebound.
18:11 of 2nd period - Off-side.
18:12 of 2nd period - Zac Rinaldo wins face-off versus Charlie Coyle in neutral zone.
18:17 of 2nd period - Wrist shot by Mason Raymond.
18:17 of 2nd period - Deflect By Carson Mcmillan.
18:17 of 2nd period - Stopped by Thomas McCollum with a rebound.
18:27 of 2nd period - Carson Mcmillan is hit by Nikita Gusev and loses puck.
18:48 of 2nd period - Carl Hagelin is hit by T.J Galiardi and loses puck.
19:29 of 2nd period - Nikita Gusev is hit by Mikhail Grigorenko and loses puck.
Goals for this period are 1 for Saguenéens vs 1 for Influenza.
Shots for this period are 13 for Saguenéens vs 8 for Influenza.

3rd period


0:01 of 3rd period - Zac Rinaldo wins face-off versus Mark Scheifele in neutral zone.
0:10 of 3rd period - Slapshot by Paul Ladue.
0:10 of 3rd period - Shot Misses the Net.
0:12 of 3rd period - Snap shot by Jeremy Morin.
0:12 of 3rd period - Stopped by Mike Smith without a rebound.
0:13 of 3rd period - Mark Scheifele wins face-off versus Zac Rinaldo in Saguenéens zone.
0:14 of 3rd period - Wrist shot by Jeremy Morin.
0:14 of 3rd period - Stopped by Mike Smith with a rebound.
0:28 of 3rd period - Snap shot by Zac Rinaldo.
0:28 of 3rd period - Deflect By Mason Raymond.
0:28 of 3rd period - Shot Blocked by Paul Ladue.
0:28 of 3rd period - Puck is out of play.
0:29 of 3rd period - Juraj Mikus wins face-off versus Jimmy Vesey in Influenza zone.
0:46 of 3rd period - Icing by Matt Corrente.
0:47 of 3rd period - Charlie Coyle wins face-off versus Zac Rinaldo in Influenza zone.
0:47 of 3rd period - Charlie Coyle is hit by Luke Witkowski.
0:53 of 3rd period - Slapshot by Matt Corrente.
0:53 of 3rd period - Stopped by Mike Smith without a rebound.
0:54 of 3rd period - Mark Scheifele wins face-off versus Carson Mcmillan in Saguenéens zone.
1:01 of 3rd period - Snap shot by T.J Galiardi.
1:01 of 3rd period - Shot Misses the Net.
1:09 of 3rd period - Slapshot by Luke Witkowski.
1:09 of 3rd period - Shot Blocked by Oskars Bartulis.
1:57 of 3rd period - Mark Olver is hit by Nick Mattson and loses puck.
2:04 of 3rd period - Wrist shot by Rhett Rakhshani.
2:04 of 3rd period - Stopped by Thomas McCollum with a rebound.
2:06 of 3rd period - Slapshot by Jake McCabe.
2:06 of 3rd period - Shot Misses the Net.
2:08 of 3rd period - Wrist shot by Henrik Samuelsson.
2:08 of 3rd period - Stopped by Thomas McCollum without a rebound.
2:09 of 3rd period - Zac Rinaldo wins face-off versus Mark Scheifele in Influenza zone.
2:10 of 3rd period - Wrist shot by Mason Raymond.
2:10 of 3rd period - Shot Misses the Net.
2:12 of 3rd period - Slapshot by Luke Witkowski.
2:12 of 3rd period - Stopped by Thomas McCollum with a rebound.
2:14 of 3rd period - Wrist shot by Carson Mcmillan.
2:14 of 3rd period - Shot Misses the Net.
2:16 of 3rd period - Snap shot by Carson Mcmillan.
2:16 of 3rd period - Stopped by Thomas McCollum with a rebound.
2:18 of 3rd period - Wrist shot by Zac Rinaldo.
2:18 of 3rd period - Shot Blocked by Matt Corrente.
2:20 of 3rd period - Snap shot by Zac Rinaldo.
2:20 of 3rd period - Shot Misses the Net.
2:22 of 3rd period - Backhand shot by Luke Witkowski.
2:22 of 3rd period - Shot Blocked by T.J Galiardi.
2:44 of 3rd period - Snap shot by Teemu Pulkkinen.
2:44 of 3rd period - Shot Misses the Net.
3:06 of 3rd period - Backhand shot by Nikita Kucherov.
3:06 of 3rd period - Shot Blocked by T.J Galiardi.
3:08 of 3rd period - Snap shot by Nikita Kucherov.
3:08 of 3rd period - Stopped by Thomas McCollum with a rebound.
3:44 of 3rd period - Snap shot by Lane MacDermid.
3:44 of 3rd period - Deflect By Mark Olver.
3:44 of 3rd period - Shot Blocked by Brett Lebda.
3:44 of 3rd period - Puck is out of play.
3:45 of 3rd period - Mark Olver wins face-off versus Zac Rinaldo in Saguenéens zone.
3:48 of 3rd period - Wrist shot by Mark Olver.
3:48 of 3rd period - Stopped by Mike Smith without a rebound.
3:49 of 3rd period - Mark Olver wins face-off versus Carson Mcmillan in Saguenéens zone.
4:04 of 3rd period - Slapshot by Jake McCabe.
4:04 of 3rd period - Shot Misses the Net.
4:10 of 3rd period - Zac Rinaldo is hit by Garnet Hathaway.
4:41 of 3rd period - Wrist shot by Zac Rinaldo.
4:41 of 3rd period - Shot Misses the Net.
4:47 of 3rd period - Backhand shot by Lane MacDermid.
4:47 of 3rd period - Shot Blocked by Nick Mattson.
4:49 of 3rd period - Snap shot by Lane MacDermid.
4:49 of 3rd period - Shot Misses the Net.
4:51 of 3rd period - Slapshot by Mark Olver.
4:51 of 3rd period - Stopped by Mike Smith with a rebound.
5:13 of 3rd period - Wrist shot by Carson Mcmillan.
5:13 of 3rd period - Stopped by Thomas McCollum with a rebound.
5:19 of 3rd period - Snap shot by Garnet Hathaway.
5:19 of 3rd period - Goal by Garnet Hathaway - Saguenéens : 2 - Influenza : 4.
5:20 of 3rd period - Juraj Mikus wins face-off versus Mark Scheifele in neutral zone.
5:46 of 3rd period - Oskars Bartulis is hit by Craig Cunningham and loses puck.
6:49 of 3rd period - Slapshot by Beau Bennett.
6:49 of 3rd period - Shot Misses the Net.
6:51 of 3rd period - Slapshot by Tim Erixon.
6:51 of 3rd period - Stopped by Mike Smith with a rebound.
7:14 of 3rd period - Minor Penalty to Calle Andersson for Hooking.
7:15 of 3rd period - Carson Mcmillan wins face-off versus Jeremy Morin in Saguenéens zone.
7:15 of 3rd period - Carson Mcmillan is hit by Matt Corrente.
7:25 of 3rd period - Carson Mcmillan is hit by Mark Scheifele and loses puck.
8:16 of 3rd period - Wrist shot by Craig Cunningham.
8:16 of 3rd period - Shot Misses the Net.
8:18 of 3rd period - Slapshot by Craig Cunningham.
8:18 of 3rd period - Goal by Craig Cunningham - Saguenéens : 3 - Influenza : 4.
8:19 of 3rd period - Carson Mcmillan wins face-off versus Mark Scheifele in neutral zone.
8:22 of 3rd period - Jeremy Morin is hit by Carson Mcmillan and loses puck.
8:50 of 3rd period - Snap shot by Jeff May.
8:50 of 3rd period - Stopped by Mike Smith with a rebound.
8:52 of 3rd period - Slapshot by Paul Ladue.
8:52 of 3rd period - Shot Blocked by Brett Lebda.
8:54 of 3rd period - Wrist shot by Beau Bennett.
8:54 of 3rd period - Goal by Beau Bennett - Saguenéens : 3 - Influenza : 5.
8:55 of 3rd period - Mark Scheifele wins face-off versus Zac Rinaldo in neutral zone.
8:55 of 3rd period - Minor Penalty to Jeremy Morin for Goalie Interference.
8:56 of 3rd period - Mark Olver wins face-off versus Zac Rinaldo in Influenza zone.
9:12 of 3rd period - Wrist shot by Luke Witkowski.
9:12 of 3rd period - Shot Blocked by Mark Olver.
9:22 of 3rd period - Jeff May is hit by Nikita Kucherov and loses puck.
9:37 of 3rd period - Snap shot by Oskars Bartulis.
9:37 of 3rd period - Deflect By Mark Olver.
9:37 of 3rd period - Shot Misses the Net.
9:37 of 3rd period - Puck is out of play.
9:38 of 3rd period - Mark Olver wins face-off versus Zac Rinaldo in Saguenéens zone.
9:39 of 3rd period - Snap shot by Lane MacDermid.
9:39 of 3rd period - Shot Misses the Net.
9:44 of 3rd period - Off-side.
9:45 of 3rd period - Zac Rinaldo wins face-off versus Mark Olver in neutral zone.
10:03 of 3rd period - Lane MacDermid is hit by Nikita Kucherov and loses puck.
10:08 of 3rd period - Snap shot by Carl Hagelin.
10:08 of 3rd period - Shot Misses the Net.
10:10 of 3rd period - Slapshot by Nikita Kucherov.
10:10 of 3rd period - Shot Misses the Net.
10:12 of 3rd period - Snap shot by Luke Witkowski.
10:12 of 3rd period - Deflect By Juraj Mikus.
10:12 of 3rd period - Shot Blocked by Paul Ladue.
10:12 of 3rd period - Puck is out of play.
10:13 of 3rd period - Mark Olver wins face-off versus Zac Rinaldo in Influenza zone.
10:22 of 3rd period - Backhand shot by Carson Mcmillan.
10:22 of 3rd period - Shot Misses the Net.
10:55 of 3rd period - Penalty to Jeremy Morin is over, Jeremy Morin is back on ice.
10:59 of 3rd period - Wrist shot by Mark Scheifele.
10:59 of 3rd period - Stopped by Mike Smith with a rebound.
11:30 of 3rd period - Wrist shot by Mason Raymond.
11:30 of 3rd period - Shot Misses the Net.
11:32 of 3rd period - Snap shot by Zac Rinaldo.
11:32 of 3rd period - Stopped by Thomas McCollum with a rebound.
11:34 of 3rd period - Slapshot by Mason Raymond.
11:34 of 3rd period - Goal by Mason Raymond - Saguenéens : 4 - Influenza : 5.
11:35 of 3rd period - Charlie Coyle wins face-off versus Juraj Mikus in neutral zone.
12:00 of 3rd period - Paul Ladue is hit by Mikhail Grigorenko and loses puck.
12:09 of 3rd period - Slapshot by Beau Bennett.
12:09 of 3rd period - Shot Misses the Net.
12:32 of 3rd period - Jerry D'Amigo is hit by Charlie Coyle and loses puck.
12:45 of 3rd period - Snap shot by Teemu Pulkkinen.
12:45 of 3rd period - Shot Misses the Net.
12:47 of 3rd period - Wrist shot by Jerry D'Amigo.
12:47 of 3rd period - Goal by Jerry D'Amigo - Saguenéens : 5 - Influenza : 5.
12:48 of 3rd period - Carson Mcmillan wins face-off versus Mark Scheifele in neutral zone.
12:59 of 3rd period - Wrist shot by T.J Galiardi.
12:59 of 3rd period - Stopped by Mike Smith with a rebound.
13:01 of 3rd period - Slapshot by Tim Erixon.
13:01 of 3rd period - Stopped by Mike Smith without a rebound.
13:02 of 3rd period - Juraj Mikus wins face-off versus Mark Scheifele in Saguenéens zone.
13:17 of 3rd period - Wrist shot by T.J Galiardi.
13:17 of 3rd period - Stopped by Mike Smith with a rebound.
13:29 of 3rd period - Garnet Hathaway is hit by Mason Raymond and loses puck.
14:28 of 3rd period - Dmitry Sinitsyn is hit by Juraj Mikus.
14:44 of 3rd period - Backhand shot by Brett Lebda.
14:44 of 3rd period - Shot Misses the Net.
15:10 of 3rd period - Snap shot by Nick Mattson.
15:10 of 3rd period - Stopped by Thomas McCollum with a rebound.
15:25 of 3rd period - Jake McCabe is hit by Tim Erixon and loses puck.
15:30 of 3rd period - Wrist shot by Juraj Mikus.
15:30 of 3rd period - Stopped by Thomas McCollum with a rebound.
15:32 of 3rd period - Snap shot by Carl Hagelin.
15:32 of 3rd period - Stopped by Thomas McCollum without a rebound.
15:33 of 3rd period - Mark Olver wins face-off versus Zac Rinaldo in Influenza zone.
16:29 of 3rd period - Wrist shot by Beau Bennett.
16:29 of 3rd period - Goal by Beau Bennett - Saguenéens : 5 - Influenza : 6.
16:30 of 3rd period - Henrik Samuelsson wins face-off versus Mark Olver in neutral zone.
16:57 of 3rd period - Oskars Bartulis is hit by Mason Raymond and loses puck.
17:02 of 3rd period - Wrist shot by Mason Raymond.
17:02 of 3rd period - Shot Misses the Net.
17:12 of 3rd period - Minor Penalty to T.J Galiardi for Hooking.
17:13 of 3rd period - Zac Rinaldo wins face-off versus Mark Olver in Influenza zone.
17:22 of 3rd period - Snap shot by Carson Mcmillan.
17:22 of 3rd period - Shot Misses the Net.
18:28 of 3rd period - Nikita Kucherov is hit by Matt Corrente and loses puck.
19:12 of 3rd period - Penalty to T.J Galiardi is over, T.J Galiardi is back on ice.
19:15 of 3rd period - Wrist shot by Mark Scheifele.
19:15 of 3rd period - Deflect By T.J Galiardi.
19:15 of 3rd period - Stopped by Mike Smith without a rebound.
19:16 of 3rd period - Mario Tremblay call a timeout for Saguenéens.
19:16 of 3rd period - Brody Sutter wins face-off versus Mark Scheifele in Saguenéens zone.
19:21 of 3rd period - Saguenéens, Mike Smith is pulled from the net.
19:23 of 3rd period - Wrist shot by Rhett Rakhshani.
19:23 of 3rd period - Shot Misses the Net.
19:35 of 3rd period - Slapshot by Brett Lebda.
19:35 of 3rd period - Deflect By Matt Corrente.
19:35 of 3rd period - Stopped by Thomas McCollum without a rebound.
19:36 of 3rd period - Mark Scheifele wins face-off versus Brody Sutter in Influenza zone.
19:43 of 3rd period - Slapshot by Rhett Rakhshani.
19:43 of 3rd period - Shot Misses the Net.
19:49 of 3rd period - Jeremy Morin is hit by Luke Witkowski and loses puck.
Goals for this period are 3 for Saguenéens vs 3 for Influenza.
Shots for this period are 14 for Saguenéens vs 15 for Influenza.